[Event "*** MasterClass Titled Tuesday Blitz"]
[Site "Chess.com"]
[Date "2017.09.05"]
[Round "3"]
[White "dolynachess"]
[Black "fastestmindalive"]
[Result "0-1"]
[WhiteElo "2402"]
[BlackElo "2620"]
[TimeControl "180+2"]
[EndTime "13:43:49 PDT"]
[Termination "fastestmindalive won by resignation"]

1. c4 Nf6 2. Nc3 e5 3. Nf3 d6 4.
g3 g6 5. Bg2 Bg7 6. O-O O-O 7. d3 Nbd7 8. Bg5 h6 9. Bxf6 Nxf6 10.
Nd2 c6 11. e4 Kh7 12. b4 Be6 13. Qb3 Qd7 14. b5 Bh3 15. a4 Qg4 16. a5 c5 17. f3 Qh5 18. Bxh3 Qxh3 19. Qd1 h5 20. Qe2 Bh6 21. Ra2 Kg7 22. Rf2 Rh8 23. Nf1 Ne8 24.
Nd5 Bg5 25. f4 exf4 26. gxf4 Bh4 27. Rg2 Nf6 28. Nde3 Kh7 29. f5 g5 30. Ra3 g4 31.
Nd5 Nxd5 32. cxd5 Bf6 33. Ng3 Bd4+ 34. Kh1 Kg7 35. Ra2 f6 36. Qf1 Kf7 37. Ne2 Qxd3 38.
Rg3 Qxe4+ 39. Qg2 Qxg2+ 40. Kxg2 Be5 41. Rd3 h4 42. Ra4 Rag8 43. Re3 Rh5 44. Ree4 h3+ 45. Kg1 Rxf5 46. Rxg4 Rfg5 47. Rxg5 Rxg5+ 48. Kf1 Rf5+ 49. Kg1 Rg5+ 50. Kf1 Kg6 51. Rh4 Rh5 52. Rg4+ Rg5 53. Rh4 Bxh2 54. Rxh3 Rh5 55. Rxh5 Kxh5 56. Nc3 Be5 57.
Na4 Bd4 58. Ke2 c4 59. Kf3 f5 60. Kf4 Kg6 61. a6 bxa6 62. bxa6 Kf6 63. Kf3 Ke5 64.
Ke2 Ke4 0-1

[Event "*** MasterClass Titled Tuesday Blitz"]
[Site "Chess.com"]
[Date "2017.09.05"]
[Round "3"]
[White "Drags95"]
[Black "iusegine"]
[Result "1/2-1/2"]
[WhiteElo "2547"]
[BlackElo "2381"]
[TimeControl "180+2"]
[EndTime "13:43:51 PDT"]
[Termination "Game drawn by agreement"]

1. e4 e5 2. Nf3 Nc6 3. Bb5 a6 4. Ba4 Nf6 5. O-O Be7 6. Re1 b5 7. Bb3 d6 8. c3 O-O 9. d3 Nb8 10.
Nbd2 Nbd7 11. Nf1 Bb7 12. Ng3 Nc5 13. Bc2 Re8 14. d4 Ncd7 15. Bb3 c5 16. a4 exd4 17. cxd4 cxd4 18. Ng5 Ne5 19. Bf4 Nc4 20. Bxc4 bxc4 21. Qxd4 Rc8 22. Nf5 Bf8 23. Bxd6 h6 24. Nf3 Rxe4 25.
Rxe4 Bxe4 26. Bxf8 Bxf5 27. Qxd8 Rxd8 28. Be7 Rb8 29. Ba3 Bd3 30. Re1 Rb3 31. Nd4 Rb6 32.
f3 Nd5 33. Re8+ Kh7 34. a5 Rg6 35. Kf2 Nf4 36. g3 Ne6 37. Nxe6 Rxe6 38. Rxe6 fxe6 39. Ke3 Kg6 40. Bb4 h5 41. Bc3 Kf7 42. Kd4 Bc2 43. Kxc4 Bd1 44. f4 g6 45. Kc5 Be2 46. Kd6 Bb5 47. Be5 Be2 48. b3 Bb5 49. b4 Be2 50.
Kd7 Bb5+ 51. Kd8 Be2 52. Kc7 Bb5 53. Kd6 Be2 54. Kc5 Bb5 55. Kd4 Be2 56. Ke3 Bb5 57. h3 Bf1 58. Kf2 Bb5 59. g4 hxg4 60. hxg4 Bc4 61.
Kg3 Bb5 62. Kh4 Bc4 63. Kg5 Bb5 64. Kh6 Bc4 65. Bd4 Bb5 66. Kg5 Bc4 1/2-1/2

[Event "*** MasterClass Titled Tuesday Blitz"]
[Site "Chess.com"]
[Date "2017.09.05"]
[Round "3"]
[White "gmjlh"]
[Black "jk13"]
[Result "0-1"]
[WhiteElo "2578"]
[BlackElo "2420"]
[TimeControl "180+2"]
[EndTime "13:43:57 PDT"]
[Termination "jk13 won by checkmate"]

1. c4 e6 2. Nf3 Nf6 3. b3 d5 4.
Bb2 a5 5. Nc3 Be7 6. g3 O-O 7.
Bg2 c6 8. O-O Nbd7 9. Rc1 Bb4 10. a3 Bd6 11. d4 Qe7 12. Nb1 b6 13. Nfd2 Bb7 14. Re1 c5 15. cxd5 exd5 16. a4 Rac8 17. Nc3 Rfe8 18. Nb5 Bb8 19. e3 Ne4 20. Nxe4 dxe4 21.
Bh3 Rcd8 22. Ba3 Ne5 23. Re2 Nf3+ 24. Kh1 Qg5 25. Bg2 Qh6 26. Bxf3 exf3 27. Rd2 cxd4 28. Rxd4 Bxg3 29. Qg1 Be5 30. Bb2 Bxd4 31. Bxd4 Bd5 32.
Nc7 Rf8 33. Qg4 Bb7 34. Rg1 g6 35. Bxb6 Rd2 36. e4 Re2 37. Nd5 Bxd5 38. exd5 Qd2 39. Qxf3 Re5 40. Rd1 Qc2 41. d6 Rf5 42. Qd3 Qc6+ 43.
Kg1 Qxb6 44. d7 Qxf2+ 45. Kh1 Rd8 46. Qe4 Qf3+ 47. Qxf3 Rxf3 48. Kg2 Rxb3 49. Rd5 Rb7 50. Kg3 Rbxd7 51. Rxa5 Rd3+ 52. Kf4 R8d4+ 53. Ke5 Rh4 54. Kf6 Rf3+ 55. Kg5 Rh5+ 56. Kg4 Rxa5 57. h4 Rb3 58. h5 Rxa4+ 59. Kg5 Rb5+ 60. Kf6 Rxh5 61. Ke7 Rf5 62. Kd7 Re4 63. Kd6 Rf1 64. Kc6 Re2 65. Kd7 Rd1+ 66. Kc6 Rc2+ 67. Kb5 Rb1+ 68. Ka4 Ra2# 0-1

[Event "*** MasterClass Titled Tuesday Blitz"]
[Site "Chess.com"]
[Date "2017.09.05"]
[Round "3"]
[White "Robin-Side"]
[Black "PlotnikovPavel"]
[Result "0-1"]
[WhiteElo "2296"]
[BlackElo "2469"]
[TimeControl "180+2"]
[EndTime "13:43:58 PDT"]
[Termination "PlotnikovPavel won by resignation"]

1. e4 e6 2. d4 d5 3. Nd2 Be7 4. Bd3 dxe4 5. Nxe4 Nf6 6. Nf3 O-O 7. O-O Nbd7 8. c3 b6 9. Ne5 Bb7 10. Qf3 Nxe5 11. dxe5 Nxe4 12. Bxe4 Bxe4 13. Qxe4 Qd7 14. Be3 Rfd8 15. Qc2 Qd3 16. Qxd3 Rxd3 17. Rfd1 Rad8 18. Rxd3 Rxd3 19. Kf1 c5 20. Ke2 Rd5 21. f4 g5 22.
g3 Kg7 23. h3 Kg6 24. a4 a6 25.
c4 Rd7 26. fxg5 Bxg5 27. Bxg5 Kxg5 28. Rf1 Kg6 29. b3 Rd4 30. Rf6+ Kg7 31. Ke3 Rd1 32.
Rf3 h5 33. Kf4 Kg6 34. h4 Re1 35. Rf2 f6 36. exf6 Kxf6 37. g4 hxg4 38. Kxg4+ Ke5 39. h5 Rg1+ 40. Kh3 Rh1+ 41. Kg4 Kd4 42. Rf3 e5 43.
Rh3 Rg1+ 44. Kf3 e4+ 45. Kf2 Rg8 46. h6 Rf8+ 47. Ke2 Rh8 48. h7 a5 49. Kd2 e3+ 50. Ke2 Kc3 51. Rxe3+ Kc2 52. Rh3 Re8+ 53. Kf2 Rh8 54.
Kg2 Kb2 55. Rh4 Kxb3 56. Kg3 Kxa4 57. Kg4 Kb4 58. Kg5 a4 59. Kg6 a3 60. Kg7 Rxh7+ 61. Kxh7 a2 62. Rh1 Kxc4 63. Kg6 b5 64. Kf5 b4 65. Ke4 b3 66. Rc1+ Kb4 67. Kd3 b2 68. Rc4+ Kb5 0-1

[Event "*** MasterClass Titled Tuesday Blitz"]
[Site "Chess.com"]
[Date "2017.09.05"]
[Round "3"]
[White "platy3"]
[Black "ALeks_Ivlev"]
[Result "0-1"]
[WhiteElo "2555"]
[BlackElo "2429"]
[TimeControl "180+2"]
[EndTime "13:44:10 PDT"]
[Termination "ALeks_Ivlev won by resignation"]

1. e4 c5 2. Nf3 d6 3. c3 Nf6 4. h3 Nbd7 5. Bd3 b6 6. O-O Bb7 7. Re1 e5 8. Bc2 Be7 9. d4 O-O 10. a4 a6 11. Nbd2 Re8 12. d5 b5 13. b4 c4 14. axb5 axb5 15. Rxa8 Qxa8 16. Nb1 Bd8 17. Na3 Ba6 18. Be3 Qb7 19. Nd2 Bb6 20. Qf3 Qa7 21. Ra1 Bxe3 22. Qxe3 Qb7 23. Nab1 Ra8 24.
Ra5 Ne8 25. Na3 Nc7 26. g3 Qb8 27. Kg2 Bb7 28. Rxa8 Qxa8 29. Ndb1 h6 30. Bd1 f5 31. f3 fxe4 32. fxe4 Nf6 33. Bf3 Qa6 34. h4 Bc8 35.
Qe2 Bd7 36. Qe3 Qc8 37. Qb6 Bg4 38. Qe3 Bxf3+ 39. Qxf3 Qa6 40. g4 Qa4 41. g5 hxg5 42. hxg5 Nh7 43. Qf5 Qd1 44. Qc8+ Nf8 45. Qf5 Qe2+ 46.
Kg3 g6 47. Qf3 Qe1+ 48. Kg2 Ne8 49. Kh2 Qh4+ 50. Qh3 Qxg5 51. Nxb5 Qf4+ 52. Qg3 Qxe4 53. Nd2 Qe2+ 54. Qg2 Qh5+ 55. Kg1 Nd7 56. Nxc4 Qd1+ 57. Kh2 Ndf6 58. Qxg6+ Kf8 59. Qh6+ Ke7 60. Nbxd6 Ng4+ 0-1

[Event "*** MasterClass Titled Tuesday Blitz"]
[Site "Chess.com"]
[Date "2017.09.05"]
[Round "3"]
[White "joppie2"]
[Black "XeresLt"]
[Result "1-0"]
[WhiteElo "2588"]
[BlackElo "2400"]
[TimeControl "180+2"]
[EndTime "13:44:28 PDT"]
[Termination "joppie2 won by resignation"]

1. d4 Nf6 2. c4 g6 3. Nc3 Bg7 4. e4 O-O 5. Be2 d6 6. Nf3 e5 7. d5 a5 8. Bg5 Na6 9. Nd2 Qe8 10. a3 Bd7 11. g4 h6 12. Be3 Qc8 13. Rg1 Kh8 14.
h4 Ng8 15. h5 f5 16. gxf5 gxf5 17. exf5 Bxf5 18. Bg4 Nf6 19. Bxf5 Qxf5 20. Qb1 Nxh5 21. Qxf5 Rxf5 22. Nde4 Nf4 23. Kd2 Raf8 24. Rg4 Rh5 25. Rag1 Rf7 26. Ng3 Rh2 27. Nf5 Bf8 28. Nh4 Kh7 29.
Ne4 Nb8 30. Nf3 Rh5 31. Bxf4 exf4 32. Nd4 Nd7 33. Ne6 Ne5 34. Nxf8+ Rxf8 35. Rg7+ Kh8 36. Nf6 Nf3+ 37. Kc3 Ng5 38. Rg6 Rxf6 39. R1xg5 hxg5 40. Rxf6 Rh3+ 41. Kd2 Rf3 42. Ke2 Rb3 43. Rf7 Rxb2+ 44.
Kf3 Rb3+ 45. Kg4 Rxa3 46. Rxc7 Rb3 47. Kxg5 Kg8 48. Kf6 a4 49. c5 dxc5 50. d6 Rd3 51.
d7 a3 52. Rc8+ Kh7 53. d8=Q Rxd8 54. Rxd8 b5 55. Ke5 b4 56. Ra8 c4 57. Kd4 c3 58.
Kd3 Kg6 59. Kc2 Kf5 60. Ra4 Ke4 61.
Rxb4+ Kf3 62. Kxc3 a2 63. Kb2 Kxf2 64. Rxf4+ Ke3 65.
Ra4 1-0

[Event "*** MasterClass Titled Tuesday Blitz"]
[Site "Chess.com"]
[Date "2017.09.05"]
[Round "3"]
[White "AbdAlAgathos"]
[Black "Witik"]
[Result "0-1"]
[WhiteElo "2350"]
[BlackElo "2517"]
[TimeControl "180+2"]
[EndTime "13:44:34 PDT"]
[Termination "Witik won by resignation"]

1. e4 c6 2. d4 d5 3. exd5 cxd5 4. c4 Nf6 5. Nc3 e6 6. Nf3 Be7 7. Bd3 dxc4 8. Bxc4 O-O 9. O-O Nc6 10. a3 b6 11. Bg5 Bb7 12. Qd3 g6 13. Rad1 Nh5 14. Bh6 Ng7 15. d5 exd5 16. Nxd5 Bf6 17. Nxf6+ Qxf6 18. b4 Rfd8 19. Bg5 Rxd3 20. Bxf6 Rxd1 21. Rxd1 Ne8 22. Bh4 Rc8 23. Rd7 Nb8 24. Rxb7 Rxc4 25. h3 Nc6 26. Bg3 f6 27. b5 Na5 28. Rxa7 Re4 29.
Kh2 g5 30. Nd2 Re2 31. Nf3 Nc4 32. a4 Ng7 33. Bc7 Ne6 34. a5 Nxc7 35. Rxc7 Nxa5 36.
Kg3 h5 37. Nd4 Rb2 38. Nf5 Rxb5 39. Nh6+ Kf8 40. Rf7+ Ke8 41. Rxf6 Rb3+ 42. f3 Nc4 43.
Rg6 h4+ 44. Kh2 Rb5 45. Ng4 Kf7 46. Rc6 Nd2 47. Kg1 Rb2 48. Ne5+ Ke7 49. Ng6+ Kd7 50. Ne5+ Kd8 51. Rg6 b5 52. Rxg5 b4 53. Nc6+ Kc7 54.
Nd4 b3 55. Rb5 Kd7 56. f4 Rb1+ 57. Kf2 b2 58. Ne2 Rf1+ 59. Ke3 b1=Q 60. Rxb1 Nxb1 61.
Nd4 Nc3 62. f5 Kd6 63. Nf3 Nd5+ 64. Ke4 Rf2 65. Nxh4 Rf4+ 0-1

[Event "*** MasterClass Titled Tuesday Blitz"]
[Site "Chess.com"]
[Date "2017.09.05"]
[Round "3"]
[White "Sanan_Sjugirov"]
[Black "johnathan113"]
[Result "0-1"]
[WhiteElo "2643"]
[BlackElo "2509"]
[TimeControl "180+2"]
[EndTime "13:44:46 PDT"]
[Termination "johnathan113 won by resignation"]

1. d4 Nf6 2. c4 g6 3. g3 Bg7 4. Bg2 O-O 5. Nc3 d6 6. Nf3 Nc6 7. O-O a6 8. e3 Rb8 9. Qe2 e5 10. Rd1 e4 11. Nd2 Bg4 12. f3 exf3 13. Nxf3 Re8 14.
h3 Bf5 15. Qf2 Qd7 16. g4 Ne4 17. Nxe4 Bxe4 18. Bd2 d5 19. b3 dxc4 20. bxc4 b5 21. cxb5 axb5 22. Rac1 Qd5 23. Ne1 Ne7 24. Bxe4 Qxe4 25.
Rxc7 f5 26. gxf5 Nxf5 27. Ng2 Ra8 28. Bb4 Ra6 29. a3 Rf6 30. Qc2 Qf3 31. Rf1 Qxf1+ 32. Kxf1 Nxe3+ 33. Kg1 Nxc2 34. Rxc2 Rf3 35. Rd2 Rxh3 36.
d5 Bc3 37. Bxc3 Rxc3 38. d6 Rd8 39. Nf4 Rc6 40. d7 Rc7 41. Nd5 Rc1+ 42. Kg2 Kf7 43.
Nb6 Rc6 44. Nc8 Ke6 45. Na7 Rd6 46. Re2+ Kxd7 47. Nxb5 Rd5 48. Nc3 Rd3 49. Ne4 Rxa3 50. Nf6+ Kc8 51. Nxh7 Rad3 52. Re6 R3d6 53. Re5 Rd5 54. Re6 R8d6 55. Re7 Rb5 56. Kg3 Rd3+ 57. Kg4 Rd4+ 58. Kf3 Rb3+ 59. Ke2 Rh4 60. Kf1 Rb2 61. Kg1 Rg4+ 62. Kf1 Ra4 63. Nf8 Rf4+ 0-1

[Event "*** MasterClass Titled Tuesday Blitz"]
[Site "Chess.com"]
[Date "2017.09.05"]
[Round "3"]
[White "Grebeniuk-S"]
[Black "H16"]
[Result "1-0"]
[WhiteElo "2393"]
[BlackElo "2298"]
[TimeControl "180+2"]
[EndTime "13:44:46 PDT"]
[Termination "Grebeniuk-S won by resignation"]

1. d4 Nf6 2. Nf3 g6 3. Bg5 Bg7 4. Nbd2 O-O 5. c3 d5 6. e3 Nbd7 7. Be2 c5 8. b4 b6 9. O-O Bb7 10. Rb1 Qc8 11. bxc5 bxc5 12. Qa4 Bc6 13. Qa3 h6 14. Bh4 a5 15. Ne5 g5 16. Bg3 Nxe5 17. Bxe5 Nd7 18. Bxg7 Kxg7 19. dxc5 Ne5 20. c4 Qe6 21. cxd5 Qxd5 22. Nf3 g4 23. Rfd1 Qe6 24. Nxe5 Qxe5 25. Qb2 Qxb2 26. Rxb2 Rab8 27. Rb6 Rxb6 28. cxb6 Rb8 29. Rb1 f5 30. f3 h5 31. Kf2 Kf6 32.
Ba6 gxf3 33. gxf3 Ke5 34. a3 f4 35. e4 Kd4 36. b7 e5 37. Kg2 Bd7 38. Rb6 Kc5 39.
Rb2 Bc6 40. Kh3 Kd4 41. Kh4 Ke3 42. Rb3+ Kf2 43. Kxh5 a4 44. Rb6 Bd7 45. Rd6 Bh3 46. Rd3 Bg2 47. Kg4 Rg8+ 48. Kf5 Bxf3 49. Kxe5 Be2 50. Rd2 f3 51. Kd6 Ke1 52. Rxe2+ fxe2 53. Bxe2 Kxe2 54. Kc7 Kd3 55. e5 Kd4 56. e6 Ke5 57. e7 Kf6 58. b8=Q Rxb8 59. Kxb8 Kxe7 60. Kc7 Kf6 61. Kb6 Kg5 62. Kb5 Kg4 63. Kxa4 Kh3 64. Kb5 Kxh2 65. a4 Kg3 66. a5 Kf4 67. a6 Ke5 68. a7 1-0

[Event "*** MasterClass Titled Tuesday Blitz"]
[Site "Chess.com"]
[Date "2017.09.05"]
[Round "3"]
[White "Alexander_Moskalenko"]
[Black "temiksmozg"]
[Result "1/2-1/2"]
[WhiteElo "2661"]
[BlackElo "2420"]
[TimeControl "180+2"]
[EndTime "13:45:23 PDT"]
[Termination "Game drawn - insufficient material"]

1. e4 e6 2. d3 d5 3. Nd2 c5 4. Ngf3 Nc6 5. g3 g6 6. Bg2 Bg7 7. O-O Nge7 8. Re1 h6 9. h4 b6 10.
exd5 exd5 11. Nb3 Bg4 12. c3 O-O 13. Bf4 d4 14. cxd4 cxd4 15. Rc1 Rc8 16. Qd2 Kh7 17.
Nh2 Be6 18. Qd1 Qd7 19. a3 Nd5 20. Bd2 Rfe8 21. Rc2 Ne5 22. Nc1 Rcd8 23. Re4 Nc6 24. Ne2 f5 25. Rxe6 Qxe6 26. Nf4 Nxf4 27. Rxc6 Qe2 28. Qxe2 Nxe2+ 29. Kf1 Be5 30. Bf3 Nxg3+ 31. fxg3 Bxg3 32. Kg2 Bxh4 33. b4 Re7 34. b5 Bg5 35. Bb4 Red7 36. Nf1 Re8 37. Rc2 Red8 38. Ng3 Bf4 39.
Ne2 Be3 40. Rc6 h5 41. Kh3 Kh6 42. Ng3 Kh7 43. a4 Rf7 44. Ne2 f4 45. Be4 Rg7 46. Rf6 Kh6 47. Nxf4 Kg5 48. Rxg6+ Rxg6 49. Nxg6 Re8 50. Be7+ Kh6 51. Bf8+ Kg5 52. Be7+ Kh6 53.
Nh4 Kg7 54. Nf5+ Kf7 55. Bb4 Kf6 56. Kh4 Rxe4+ 57. dxe4 Ke5 58. Kxh5 Kxe4 59. Kg4 Bf2 60. Nd6+ Kd5 61. Kf5 d3 62. Bd2 Kxd6 63. Ke4 Kc5 64. Kxd3 Kd5 65. Bf4 Ke6 66. Bb8 Kd7 67. Bxa7 Kc7 68.
a5 Kb7 69. Bxb6 Bxb6 70. axb6 Kxb6 71. Kc4 Kb7 72. Kc5 Kc7 73. b6+ Kb7 74. Kb5 Kb8 75. Ka6 Ka8 76. Ka5 Kb7 77. Kb5 Kb8 78. Kc6 Kc8 79. b7+ Kb8 80. Kd7 Kxb7 1/2-1/2

[Event "*** MasterClass Titled Tuesday Blitz"]
[Site "Chess.com"]
[Date "2017.09.05"]
[Round "3"]
[White "Fianchettoed-Tower"]
[Black "VSERGUEI"]
[Result "0-1"]
[WhiteElo "2364"]
[BlackElo "2543"]
[TimeControl "180+2"]
[EndTime "13:45:25 PDT"]
[Termination "VSERGUEI won on time"]

1. d4 d5 2. Bf4 Nf6 3. e3 c5 4. c3 Nc6 5. Nd2 Bf5 6. Ngf3 e6 7. Be2 Bd6 8. Qb3 Bxf4 9. Qxb7 Na5 10. Qb5+ Nd7 11. exf4 Rb8 12. Qa4 O-O 13. Qa3 Qc7 14. O-O cxd4 15. Nxd4 Qxf4 16. Qxa5 Qxd2 17. Qxa7 Nf6 18.
Nxf5 Qxe2 19. Ne7+ Kh8 20. b4 Qc4 21. Qc5 Qxc5 22.
bxc5 Rbe8 23. Nc6 Rc8 24. Ne5 Rxc5 25. Rfc1 g6 26. c4 Kg7 27. cxd5 Rxd5 28. Nf3 Ra8 29. h3 Rda5 30. Rc7 Nd5 31. Rb7 Kf6 32. h4 h6 33. Nh2 Ra4 34. g3 g5 35. hxg5+ hxg5 36. Rb2 Nc3 37. Nf3 Rxa2 38. Rbxa2 Rxa2 39. Rxa2 Nxa2 40. Kg2 Nb4 41. Nd2 Kf5 42. Kf3 Nd5 43. Nc4 g4+ 44.
Kg2 e5 45. Nd6+ Ke6 46. Nc4 e4 47. Kf1 f5 48. Ke2 Kf6 49. Na5 Ke5 50. Nc6+ Kf6 51.
Nd4 Kg6 52. Nc6 Kg5 53. Nd4 Kf6 54. Nc6 Ne7 55. Nd4 Ke5 56. Nc2 Nc6 57. Na3 Kd4 58.
Nc2+ Kc3 59. Ne3 Nd4+ 60. Kf1 Kd3 61. Nd5 Nc2 62. Ne7 e3 63. fxe3 Nxe3+ 64. Kf2 Kd2 65. Ng6 Nd1+ 66. Kg2 Ke3 67. Ne7 Ke4 68. Ng6 Ne3+ 69.
Kf2 Nd5 70. Kg2 Ke3 71. Nh4 Ne7 72. Kh2 Kf2 73. Ng2 Ng6 0-1

[Event "*** MasterClass Titled Tuesday Blitz"]
[Site "Chess.com"]
[Date "2017.09.05"]
[Round "3"]
[White "DrVitman"]
[Black "OparinGrigoriy"]
[Result "0-1"]
[WhiteElo "2486"]
[BlackElo "2608"]
[TimeControl "180+2"]
[EndTime "13:46:16 PDT"]
[Termination "OparinGrigoriy won on time"]

1. d4 Nf6 2. c4 e6 3. Nf3 Bb4+ 4. Bd2 Qe7 5. g3 Bxd2+ 6. Qxd2 Nc6 7. Nc3 d5 8. cxd5 exd5 9. Bg2 Bf5 10. O-O O-O-O 11.
e3 h5 12. Rfc1 Ne4 13. Nxe4 Bxe4 14. Rc5 Rd6 15. Rac1 h4 16. b4 hxg3 17. hxg3 Rdh6 18. b5 Qf6 19. Qe2 Rh1+ 20. Bxh1 Rxh1+ 21. Kxh1 Bxf3+ 22. Qxf3 Qxf3+ 23. Kg1 Na5 24. Rxc7+ Kd8 25. Rc8+ Ke7 26. Ra8 Nc4 27. Rxa7 Nxe3 28. Rxb7+ Kf6 29. Rc6+ Kg5 30.
fxe3 Qxg3+ 31. Kf1 Qf3+ 32. Ke1 Qxe3+ 33. Kd1 Qxd4+ 34. Kc2 Qa4+ 35. Kc1 d4 36. Rcc7 Qa3+ 37. Kc2 f5 38. Rxg7+ Kf4 39. Rgc7 Ke3 40. Re7+ Kf2 41. Rbc7 f4 42. b6 Qxa2+ 43. Kc1 Qa3+ 44. Kc2 d3+ 45. Kd2 Qb2+ 46. Kxd3 Qxb6 47. Rc2+ Kg3 48. Rg7+ Kf3 49.
Rcg2 Qb1+ 50. Kc3 Qc1+ 51. Kd4 Qe3+ 52. Kd5 Qe4+ 53. Kd6 Qd4+ 54. Ke6 Qb6+ 55. Kf5 Qc5+ 56. Kf6 Qc6+ 57. Kf5 Qc8+ 58. Kf6 Qh3 59. Rg1 Qh6+ 60.
R1g6 Qh4+ 61. Ke5 Ke3 62. Rg4 Qh5+ 63. R7g5 Qe8+ 64. Kf5 f3 65. Rg3 Qe4+ 66. Kf6 Qf4+ 67. Kg6 Ke2 68. R5g4 Qd6+ 69. Kf5 Qd5+ 70. Kf4 Qd2+ 71.
Kf5 Qc2+ 72. Kf4 Qc7+ 73. Kf5 Qf7+ 74. Ke4 Qe6+ 75. Kf4 f2 76. Rg2 Ke1 77. Rxf2 Kxf2 78. Rg5 Qc4+ 79. Ke5 Kf3 80. Rf5+ Ke3 81. Kf6 Qd4+ 82.
Kg5 Qg7+ 83. Kh5 Ke4 84. Rg5 Qe7 85. Kg4 Qe6+ 86. Kh5 Kf4 87. Rg7 Qe8+ 88. Kh6 Qf8 89. Kg6 Ke5 90. Rf7 Qg8+ 91. Rg7 Qe8+ 92. Kh6 Kf6 93. Kh7 Qe4+ 94. Kg8 Qe6+ 95. Kh7 Qe8 0-1

[Event "*** MasterClass Titled Tuesday Blitz"]
[Site "Chess.com"]
[Date "2017.09.05"]
[Round "3"]
[White "BartoszSocko"]
[Black "Muracle"]
[Result "1-0"]
[WhiteElo "2676"]
[BlackElo "2467"]
[TimeControl "180+2"]
[EndTime "13:46:19 PDT"]
[Termination "BartoszSocko won by resignation"]

1. e4 c5 2. Nf3 Nc6 3. d4 cxd4 4.
Nxd4 Nf6 5. Nc3 e6 6. Ndb5 Bb4 7. a3 Bxc3+ 8. Nxc3 d5 9. exd5 exd5 10. Bd3 O-O 11. O-O d4 12. Ne4 Bf5 13. Bg5 Bxe4 14. Bxe4 h6 15. Bxf6 Qxf6 16. Re1 Rad8 17. Qh5 Rfe8 18. Bd3 Re5 19. Rxe5 Nxe5 20. Rd1 Re8 21. Bf1 Ng6 22. Qg4 d3 23. Bxd3 Nf4 24. Bf1 g6 25. Qd7 Re7 26.
Qd2 Kg7 27. g3 Ne6 28. h4 Qxb2 29. a4 Rc7 30. Bd3 Qf6 31. Qe3 b6 32. Rb1 Nd4 33. c4 Re7 34. Be4 Qe5 35. Rd1 Qxe4 36. Qxd4+ Qxd4 37. Rxd4 Re1+ 38. Kg2 Ra1 39. c5 bxc5 40. Rc4 Kf6 41.
h5 g5 42. Kf3 Ke6 43. Rxc5 Rxa4 44. Rc6+ Kf5 45. Rxh6 Ra3+ 46. Kg2 a5 47. Ra6 f6 48. Rc6 a4 49. Rc4 Ra2 50. g4+ Ke6 51. Rc7 Rb2 52. Ra7 Rb4 53. f3 Ke5 54. Kg3 Ke6 55. Kf2 Ke5 56. Ra6 Rc4 57. Kg3 Rb4 58. h6 Rb8 59. Ra5+ Ke6 60. f4 gxf4+ 61. Kxf4 Rh8 62.
Ra6+ Kf7 63. Kf5 Rxh6 64. Rxa4 Rh1 65. Ra7+ Kg8 66. Kg6 Kf8 67. Kxf6 Kg8 68. Kg6 Kf8 69. g5 Rg1 70. Rf7+ Kg8 71. Rc7 Kf8 72. Rc8+ Ke7 73. Rg8 Ke6 74. Rg7 Ke5 75. Ra7 Ke6 76. Kh6 Rh1+ 77. Kg7 Rg1 78. g6 Kf5 79. Ra6 Rg2 80.
Kf7 Rb2 81. Ra5+ Kg4 82. Ra7 Rf2+ 83. Kg8 Kh5 84. g7 Rb2 85. Kh7 1-0

[Event "*** MasterClass Titled Tuesday Blitz"]
[Site "Chess.com"]
[Date "2017.09.05"]
[Round "3"]
[White "cheese111"]
[Black "MyleneFarmer"]
[Result "1/2-1/2"]
[WhiteElo "2313"]
[BlackElo "2427"]
[TimeControl "180+2"]
[EndTime "13:46:48 PDT"]
[Termination "Game drawn - insufficient material"]

1. e4 e6 2. d4 d5 3. Nd2 Be7 4.
Ngf3 Nf6 5. e5 Nfd7 6. Bd3 c5 7. c3 Nc6 8. O-O h5 9. Re1 g5 10. dxc5 Nxc5 11. Bb5 Nd7 12. c4 a6 13. cxd5 axb5 14.
dxc6 bxc6 15. Nd4 Nxe5 16. N2b3 Bd6 17. f4 gxf4 18. Bxf4 Ng4 19. Nxe6 Qb6+ 20. Qd4 Qxd4+ 21.
Nexd4+ Kd7 22. Nf5 Bxf4 23. Re7+ Kd8 24. Rd1+ Bd7 25. Rdxd7+ Kc8 26. Rxf7 Rxa2 27. g3 Bb8 28. Rd2 Ba7+ 29. Kg2 Ne5 30. Nd6+ Kb8 31. Rf5 Nc4 32. Nxc4 bxc4 33. Na5 c3 34. Nxc6+ Kc7 35. Rc2 Rxb2 36. Rxb2 cxb2 37. Rb5 Kxc6 38. Rxb2 Rf8 39. Re2 Kd5 40. Re7 Bd4 41. Kh3 Bf6 42. Re2 Be5 43. Kh4 Rf5 44.
Kh3 Ke6 45. g4 Rf3+ 46. Kh4 Rf4 47. Kxh5 Kf6 48. h4 Ra4 49. g5+ Kf5 50. Rf2+ Bf4 51.
Kh6 Ra6+ 52. Kg7 Ra7+ 53. Kf8 Kg4 54. g6 Bh6+ 55. Ke8 Kh5 56. Rf6 Bg7 57. Re6 Kh6 58. Rd6 Ra8+ 59. Kf7 Ra7+ 60. Ke8 Ra8+ 61. Kf7 Rf8+ 62.
Ke7 Rf5 63. Re6 Rh5 64. Kf7 Rxh4 65. Ke8 Rf4 66. Ke7 Rf5 67. Ke8 Bf6 68. Kf7 Bg7+ 69. Ke8 Kg5 70. Ke7 Kh5 71. Ke8 Kh6 72. Ke7 Ra5 73. Ke8 Ra8+ 74. Ke7 Ra7+ 75. Ke8 Bd4 76. Kf8 Bc5+ 77. Ke8 Kg7 78. Rc6 Bd4 79. Re6 Bf6 80.
Rd6 Kxg6 81. Rc6 Re7+ 82. Kd8 Kf7 83. Rc7 Kf8 84. Rxe7 Bg5 85. Kd7 Bxe7 1/2-1/2

[Event "*** MasterClass Titled Tuesday Blitz"]
[Site "Chess.com"]
[Date "2017.09.05"]
[Round "3"]
[White "VladDobrov"]
[Black "Aygehovit1992"]
[Result "0-1"]
[WhiteElo "2621"]
[BlackElo "2456"]
[TimeControl "180+2"]
[EndTime "13:48:50 PDT"]
[Termination "Aygehovit1992 won by resignation"]

1. d4 Nf6 2. c4 c5 3. d5 e5 4. Nc3 d6 5. g3 Be7 6. Bg2 h5 7. Nf3 Nbd7 8. h4 Ng4 9. a3 b6 10. Ng5 Nf8 11. f3 Nh6 12. Bh3 Bxh3 13. Nxh3 f6 14. e4 Nf7 15. Be3 g5 16. Nf2 Ng6 17.
hxg5 fxg5 18. Qa4+ Qd7 19. Nb5 Kf8 20. Qc2 Kg7 21. Nc3 a6 22. a4 Raf8 23. Qb3 Bd8 24. Nd3 Nh6 25. Qd1 h4 26. g4 Rf7 27. Qe2 Rhf8 28.
Rh3 Nxg4 29. fxg4 Rf1+ 30. Qxf1 Rxf1+ 31. Kxf1 Qxg4 32. Nf2 Qd7 33. Rf3 Nf4 34. Bxf4 exf4 35. e5 dxe5 36. Nce4 g4 37. Ke2 gxf3+ 38. Kxf3 Kf8 39. b3 Qh7 40. Rh1 b5 41. axb5 axb5 42.
Ng4 bxc4 43. bxc4 h3 44. Nef2 Qc2 45. Nxe5 Bc7 46. Nd7+ Ke7 47. Nxc5 Qxc4 48. Nce4 Qxd5 49. Rxh3 Qg8 50. Rh5 Qb3+ 51. Kg4 Bb6 52. Re5+ Kd8 53. Nh3 Qd1+ 54. Kf5 Qh5+ 55. Nhg5 f3 56. Rd5+ Kc8 57. Rd2 Be3 58. Rc2+ Kb8 59. Rb2+ Ka7 60. Ra2+ Kb6 61. Rb2+ Ka5 62. Rc2 f2 63. Rxf2 Bxf2 64. Nxf2 Kb4 65. Ne4 Kc4 66. Kf4 Qh6 67. Kf5 Kd4 68. Kf4 Qf8+ 69. Kg4 Ke5 70. Kg3 Qf4+ 71. Kg2 Kf5 72. Kh3 Qg4+ 73. Kh2 Qh5+ 74. Kg3 Qg4+ 75. Kf2 Kf4 76. Ke1 Qg2 77. Kd1 Ke3 78. Kc1 Kd3 79. Kb1 Qc2+ 80. Ka1 Kc4 81. Nf3 Qd1+ 82. Kb2 Kb4 83.
Nfd2 Qe2 84. Kc2 Ka3 85. Kc3 Ka2 86. Kc2 Ka3 87. Nc3 Qh5 88. Kd3 Qg6+ 89. Ke3 Kb4 90. Nde4 Kc4 91. Ke2 Qh6 92. Kf3 Kd3 93. Kg4 Qe3 94.
Kf5 Qa7 95. Ke5 Qa5+ 96. Kf4 Qc7+ 97. Kf5 Qd7+ 98. Ke5 Qe8+ 99. Kd5 Qh5+ 100. Ke6 Kd4 101. Kd6 Qg6+ 102. Kc7 Ke5 103. Kd7 Qf7+ 104. Kc6 Qc4+ 105. Kd7 Qa6 106. Kc7 Qe6 107. Kb7 Qc4 108. Kb6 Qb4+ 109. Kc6 Qb8 110. Kd7 Qb6 111. Ke7 Qc7+ 112. Kf8 Ke6 113. Ng5+ Kf5 114. Nce4 Qd7 115. Nf7 Kxe4 0-1

[Event "*** MasterClass Titled Tuesday Blitz"]
[Site "Chess.com"]
[Date "2017.09.05"]
[Round "4"]
[White "Me_ch_an"]
[Black "chesstatour"]
[Result "1/2-1/2"]
[WhiteElo "2217"]
[BlackElo "2073"]
[TimeControl "180+2"]
[EndTime "13:51:30 PDT"]
[Termination "Game drawn by agreement"]

1. e4 c6 2. d4 d5 3. Nd2 dxe4 4. Nxe4 Nf6 5. Nxf6+ gxf6 6. c3 Bf5 7. Bd3 Bxd3 8.
Qxd3 e6 9. Ne2 Bd6 10. Bf4 Qc7 11. Qg3 Bxf4 12. Qxf4 Qxf4 13. Nxf4 Nd7 14. O-O-O O-O-O 15. Rhe1 Rhg8 16. g3 f5 17. Nd3 1/2-1/2

[Event "*** MasterClass Titled Tuesday Blitz"]
[Site "Chess.com"]
[Date "2017.09.05"]
[Round "4"]
[White "JaimeSantosLatasa"]
[Black "BartoszSocko"]
[Result "0-1"]
[WhiteElo "2571"]
[BlackElo "2702"]
[TimeControl "180+2"]
[EndTime "13:51:31 PDT"]
[Termination "BartoszSocko won by resignation"]

1. d4 e6 2. c4 Nf6 3. Nf3 d5 4. g3 Bb4+ 5. Bd2 Be7 6. Bg2 c6 7.
O-O Nbd7 8. Qc2 b6 9. Bf4 Bb7 10.
Rd1 Rc8 11. b3 c5 12. dxc5 Bxc5 13. Nc3 O-O 14. Ne5 Nxe5 15. Bxe5 Bxf2+ 16. Kxf2 Ng4+ 17. Kg1 Nxe5 18. cxd5 Qc7 19. Rac1 Qc5+ 0-1

[Event "*** MasterClass Titled Tuesday Blitz"]
[Site "Chess.com"]
[Date "2017.09.05"]
[Round "4"]
[White "ChessQueen"]
[Black "Ilja_Semjonovs"]
[Result "1-0"]
[WhiteElo "2589"]
[BlackElo "2350"]
[TimeControl "180+2"]
[EndTime "13:51:39 PDT"]
[Termination "ChessQueen won by resignation"]

1. e4 c5 2. Nf3 d6 3. Bb5+ Bd7 4.
Bxd7+ Nxd7 5. O-O g6 6. c3 Bg7 7.
d4 cxd4 8. cxd4 e6 9. d5 exd5 10. Qxd5 Nb6 11. Qxb7 Ne7 12. Nc3 O-O 13. Bg5 f6 14. Bf4 Nc4 15. Qb3 1-0